 Dungeon Crawl Stone Soup version 0.28-b1-25-g9875b3fc8c (webtiles) character file.

Game seed: 773420450692146255

9 mopl the Magician (level 2, 0/19 HPs)
             Began as a Mummy Earth Elementalist on Feb 8, 2022.
             Slain by a ball python (1 damage)
             ... on level 1 of the Dungeon.
             The game lasted 00:00:47 (331 turns).

mopl the Magician (Mummy Earth Elementalist)         Turns: 331, Time: 00:00:47

Health: 0/19       AC:  2    Str: 11    XL:     2   Next: 6%
Magic:  5/5        EV:  9    Int: 14    God:
Gold:   30         SH:  0    Dex: 12    Spells: 5/6 levels left

rFire   x . .      SeeInvis .     - Unarmed
rCold   + . .      Faith    .   (no shield)
rNeg    + + +      Spirit   .   b - +0 robe
rPois   ∞          Reflect  .   (no helmet)
rElec   .          Harm     .   (no cloak)
rCorr   .          Rampage  .   (no gloves)
Will    .....                   (no boots)
Stlth   ++........              (no amulet)
HPRegen 0.06/turn               (no ring)
MPRegen 0.09/turn               (no ring)

@: constricted
A: cold resistance 1, negative energy resistance 3, torment resistance 2, heat
vulnerability 1, no potions
a: no special abilities


You were on level 1 of the Dungeon.
You visited 1 branch of the dungeon, and saw 1 of its levels.

You collected 30 gold pieces.

Inventory:

Missiles
 c - 67 stones
Armour
 b - a +0 robe (worn)
Scrolls
 a - a scroll of enchant armour {unknown}


   Skills:
 - Level 1.5 Dodging
 - Level 1.5 Stealth
 + Level 1.4 Unarmed Combat
 - Level 2.6 Spellcasting
 - Level 0.7 Transmutations
 - Level 2.4 Earth Magic


You had 5 spell levels left.
You knew the following spells:

 Your Spells              Type           Power      Damage    Failure   Level
a - Sandblast             Erth           16%        2d6       9%          1

Your spell library contained the following spells:

 Spells                   Type           Power      Damage    Failure   Level
 Passwall                 Tmut/Erth      5%         N/A       19%         2
 Stone Arrow              Conj/Erth      10%        3d7       38%         3
 Petrify                  Tmut/Erth      6%         N/A       75%         4


Dungeon Overview and Level Annotations

Branches:
Dungeon (1/15)

Altars:

Shops:
D:1 *


Innate Abilities, Weirdness & Mutations

You are immune to poison.
Your flesh is cold resistant. (rC+)
You are immune to negative energy. (rN+++)
You are immune to unholy pain and torment.
You are vulnerable to heat. (rF-)
You do not drink.


Message History

The goblin is severely wounded.
The goblin misses you.
You hit the goblin.
The goblin is almost dead.
The goblin barely misses you.
You hit the goblin.
You kill the goblin!
The ball python barely misses you. The ball python grabs you.
The ball python constricts you.
You hit the ball python.
The ball python is heavily wounded.
The ball python barely misses you. The ball python constricts you.
You barely miss the ball python.
The ball python is heavily wounded.
The ball python bites you. The ball python constricts you.
* * * LOW HITPOINT WARNING * * *
You hit the ball python but do no damage.
The ball python is heavily wounded.
The ball python closely misses you. The ball python constricts you.
* * * LOW HITPOINT WARNING * * *
You closely miss the ball python.
The ball python is heavily wounded.
The ball python bites you.
* * * LOW HITPOINT WARNING * * *
The ball python constricts you.
You hit the ball python but do no damage.
The ball python is heavily wounded.
The ball python closely misses you. The ball python constricts you.
* * * LOW HITPOINT WARNING * * *
The ball python closely misses you. The ball python constricts you.
* * * LOW HITPOINT WARNING * * *
Unknown command.
You hit the ball python.
The ball python is severely wounded.
The ball python bites you but does no damage.
The ball python constricts you.
You barely miss the ball python.
The ball python is severely wounded.
The ball python bites you.
You die...

#.# #...# ## #.# #.#'#
.# ######.###.#.#
.####..........#.######
..........†...##∩#....#
..............#≈.#.w..#
..............#≈.#S.?.#
...........#####>#....#
.#.#.#..########@#....#
..............'#S#....#
.#.#.#..#.######w# ...#
.#...#.........#......#
.#####.##.#....#......#
.......##.#....#......#
....#####.#....#......#
..........#....########
...)......+....#


You could see a dart slug and a ball python.

Vanquished Creatures
  A dart slug (D:1)
  A ball python (D:1)
  An endoplasm (D:1)
  2 goblins (D:1)
  A bat (D:1)
  A kobold (D:1)
7 creatures vanquished.

Notes
Turn   | Place    | Note
-------+----------+-------------------------------------------
     0 | D:1      | mopl the Mummy Earth Elementalist began the quest for the
                  | Orb.
     0 | D:1      | Reached XP level 1. HP: 13/13 MP: 4/4
    97 | D:1      | Reached skill level 1 in Unarmed Combat
   302 | D:1      | Found Kaisch's Assorted Antiques.
   319 | D:1      | Reached XP level 2. HP: 9/19 MP: 5/5
   331 | D:1      | Slain by a ball python

Illustrated notes

Levels and vault maps discovered:
D:1:      sevenhm_arrival_forest_fort_small_3, layout_basic, serial_shops,
          nicolae_shop_hallway_stairs, grunt_decor_mini_mirrors,
          serial_bayou_crossing

Skill      XL: |  1 |
---------------+----+-----
Unarmed Combat | 1 |  1.4
Dodging        | |  1.5
Stealth        | |  1.5
Spellcasting   | |  2.6
Transmutations | |  0.7
Earth Magic    | |  2.4

Action                   || total
-------------------------++-------
Melee: Unarmed           ||    37
 Stab: Sleeping          ||     2
Armor: Robe              ||     4
Dodge: Dodged            ||    18
